 Dungeon Crawl Stone Soup version 0.21.1-1-g345015f (webtiles) character file.

20363 Kurtz the Basher (level 12, -6/81 HPs)
             Began as an Octopode Abyssal Knight on Feb 25, 2018.
             Was an Elder of Lugonu.
             Killed from afar by a manticore (16 damage)
             ... with a volley of spikes
             ... on level 12 of the Dungeon.
             The game lasted 00:31:54 (18429 turns).

Kurtz the Basher (Octopode Abyssal Knight)         Turns: 18429, Time: 00:31:55

Health: -6/81      AC:  3    Str: 14 (15) XL:     12   Next: 78%
Magic:  25/28      EV: 16    Int: 19 (21) God:    Lugonu [****..]
Gold:   719        SH:  0    Dex: 12 (15) Spells: 8/11 levels left

rFire    . . .     SeeInvis .   u - +9 flail "Silozxae" {freeze, Str-2 Int+5 Dex+2 Stlth+}
rCold    . . .     Gourm    .   (no shield)
rNeg     . . .     Faith    .   N - +2 hat
rPois    .         Spirit   .   n - amulet of rage
rElec    .         Reflect  .   s - +4 ring of strength
rCorr    .         Harm     .   v - ring of magical power
MR       .....                  x - +3 ring of slaying
Stlth    +++++++...             (no ring)
HPRegen  0.23/turn              (no ring)
MPRegen  0.21/turn              (no ring)
                                (no ring)
                                (no ring)

@: barbed spikes, berserk cooldown, slowed, very slow
A: almost no armour, stealthy swim, amphibious, 8 rings, constrict 8, camouflage
1, gelatinous body 1
a: Depart the Abyss, Bend Space, Banish, Corrupt, Renounce Religion, Evoke
Berserk Rage


You were on level 12 of the Dungeon.
You worshipped Lugonu.
Lugonu was greatly pleased with you.
You were very hungry.

You visited 1 branch of the dungeon, and saw 13 of its levels.
You visited the Abyss 1 time.

You collected 719 gold pieces.

Inventory:

Hand Weapons
 u - the +9 flail "Silozxae" (weapon) {freeze, Str-2 Int+5 Dex+2 Stlth+}
   (You found it on level 6 of the Dungeon)

   It has been specially enchanted to freeze those struck by it, causing extra
   injury to most foes and up to half again as much damage against particularly
   susceptible opponents.
   It can also slow down cold-blooded creatures.
   It affects your strength (-2).
   It affects your intelligence (+5).
   It affects your dexterity (+2).
   It makes you more stealthy.
 z - the +8 war axe "Ogeraz" {venom, *Noise rF+ Int+4, unknown}
   (You found it on level 8 of the Dungeon)

   It poisons the flesh of those it strikes.
   It affects your intelligence (+4).
   It protects you from fire.
   It may make noises in combat.
 B - a +2 flail of holy wrath
 C - a +0 blowgun
Missiles
 a - 5 throwing nets
 w - 2 javelins (quivered)
 y - 3 tomahawks
 D - 55 poisoned needles
Armour
 N - a +2 hat (worn)
Jewellery
 d - an uncursed amulet of regeneration
 n - an amulet of rage (around mantle)
 s - a +4 ring of strength (left tentacle)
 v - a ring of magical power (right tentacle)
 x - a +3 ring of slaying (on tentacle)
Wands
 m - a wand of polymorph (23)
 E - a wand of acid (4)
 I - a wand of flame (7)
 L - a wand of iceblast (6)
Scrolls
 c - a scroll of enchant armour
 e - 5 scrolls of teleportation
 j - 2 scrolls of remove curse
 k - 2 scrolls of fear {unknown}
 o - 2 scrolls of immolation {unknown}
 p - 3 scrolls of magic mapping
 r - 3 scrolls of amnesia {unknown}
 t - 3 scrolls of enchant weapon
 A - a scroll of torment {unknown}
 G - 7 scrolls of identify
 K - a scroll of blinking {unknown}
 M - a scroll of noise {unknown}
 P - a scroll of fog {unknown}
Potions
 f - 4 potions of flight
 h - a potion of brilliance
 l - a potion of magic
 q - 5 potions of curing
 F - 4 potions of haste
 J - a potion of might {unknown}
 O - a potion of degeneration
 Q - a potion of lignification {unknown}
 R - a potion of resistance {unknown}
Books
 H - a book of Geomancy

   Spells                             Type                      Level
   a - Sandblast                      Earth                        1
   b - Passwall                       Transmutation/Earth          2
   c - Stone Arrow                    Conjuration/Earth            3
   d - Petrify                        Transmutation/Earth          4
   e - Lee's Rapid Deconstruction     Earth                        5
Comestibles
 b - 19 rations


   Skills:
 + Level 7.0 Fighting
 * Level 13.7 Maces & Flails
 + Level 6.5 Dodging
 * Level 11.6 Stealth
 - Level 2.0 Invocations
 * Level 10.6 Evocations


You had 8 spell levels left.
You knew the following spells:

 Your Spells              Type           Power        Failure   Level  Hunger
a - Stone Arrow           Conj/Erth      #.....       52%         3    ####...


Dungeon Overview and Level Annotations

Branches:
Dungeon (13/15)            Temple (0/1) D:6            Lair (0/6) D:9
    Orc (0/2) D:11         Vaults (0/5) D:13

Altars:
Elyvilon
Ru
The Shining One

Shops:
D:11 :

Annotations:
D:12 exclusion: downstairs


Innate Abilities, Weirdness & Mutations

You cannot wear most types of armour.
You are very stealthy in the water. (Stealth+)
You are amphibious.
You can wear up to eight rings at the same time.
You can use your tentacles to constrict eight enemies at once.
Your skin changes colour to match your surroundings (Stealth+).
Your rubbery body absorbs attacks. (AC +1, EV +1)


Message History

* * * LOW HITPOINT WARNING * * *
The ice beast freezes you.
* * * LOW HITPOINT WARNING * * *
You feel better.
Your surroundings seem slightly different.
Unknown command.
Aiming: Iceblast
Press: ? - help, Shift-Dir - straight line, f/p - manticore
Aim: a manticore The mass of ice explodes!
The iceblast engulfs the manticore.
The manticore is moderately wounded.
The iceblast engulfs the ice beast.
The ice beast partially resists.
You kill the ice beast!
Lugonu accepts your kill.
Your Fighting skill increases to level 7!
You hear an angry buzzing noise.
The manticore flicks its tail.
The volley of spikes hits you!
The barbed spikes become lodged in your body.
You die...

#.. #.. ..# #.##### ..#
#.#.... ..# #.# ... ..#
#.# ..#..#
########<####'#..# .
.........H.......#####
.........§......@.......
.............!..........
................≈≈≈≈≈...
............≈≈≈≈≈≈≈≈≈≈≈#
....≈≈≈≈≈≈≈≈≈≈≈≈≈≈≈≈≈#
≈≈≈≈≈≈≈≈≈≈≈≈≈≈≈≈≈≈≈≈##
≈≈≈≈≈≈≈≈≈≈≈≈≈≈≈≈≈≈≈##
≈≈≈≈≈≈≈≈≈≈≈≈≈≈≈≈≈≈##
≈≈≈≈≈≈≈≈≈≈≈≈≈≈≈


You could see a manticore.

Vanquished Creatures
  Gastronok (D:11)
  An ice dragon (D:10)
  Erica (D:8)
  2 two-headed ogres
  3 skeletal warriors
  An unseen horror (D:10)
  The ghost of Kurtz the Cudgeler, a novice OpAK of Lugonu (D:5)
  2 cyclopes
  A manticore (D:10)
  Psyche (D:10)
  Joseph (D:8)
  Maurice (D:8)
  A queen bee (D:11)
  3 trolls
  3 hippogriffs
  Sigmund (D:4)
  3 wyverns
  A vampire (D:10)
  The ghost of TittyCrusher the Insei, an amateur DsMo (D:3)
  8 yaks
  A steam dragon (D:12)
  2 hungry ghosts
  2 water moccasins (D:8)
  4 porcupines (D:9)
  3 black bears
  A necrophage (D:7)
  5 ice beasts
  A sky beast (D:9)
  4 orc warriors
  6 ogres
  2 phantoms (D:11)
  A crocodile (D:9)
  4 centaurs
  2 big kobolds
  5 bullfrogs
  A wyvern zombie (D:7)
  4 scorpions
  30 killer bees
  A howler monkey (D:5)
  An electric eel (D:10)
  6 crimson imps
  3 centaur zombies
  4 jellies
  2 quasits (D:10)
  2 bullfrog zombies
  7 hounds
  5 bullfrog skeletons
  8 orc priests
  3 centaur skeletons
  6 iguanas
  7 worker ants
  5 orc wizards
  A worker ant zombie (D:9)
  10 adders
  3 gnolls (D:5)
  2 howler monkey skeletons
  A shadow imp (D:11)
  2 oozes
  2 adder zombies
  2 worms (D:4)
  A dart slug (D:4)
  3 leopard geckos
  41 orcs
  A bat (D:2)
  5 giant cockroaches
  3 goblins
  5 hobgoblins
  5 jackals
  13 kobolds
  2 quokkas
  3 frilled lizards (D:1)
  A jackal skeleton (D:4)
  A leopard gecko zombie (D:5)
  A quokka zombie (D:5)
  4 rats
287 creatures vanquished.

Vanquished Creatures (others)
  6 fungi (D:9)
6 creatures vanquished.

Grand Total: 293 creatures vanquished

Notes
Turn   | Place    | Note
-------+----------+-------------------------------------------
     0 | Abyss:1  | Kurtz the Octopode Abyssal Knight began the quest for the Orb.
     0 | Abyss:1  | Reached XP level 1. HP: 16/16 MP: 2/2
     7 | Abyss:1  | Found a corrupted altar of Lugonu.
    64 | Abyss:2  | Noticed a water elemental
    65 | Abyss:2  | Noticed a rakshasa
    91 | D:1      | Escaped the Abyss
   169 | D:1      | Reached XP level 2. HP: 11/21 MP: 3/3
   748 | D:1      | Reached * piety under Lugonu
  1198 | D:2      | Reached skill level 3 in Maces & Flails
  1198 | D:2      | Reached XP level 3. HP: 23/26 MP: 4/4
  1401 | D:2      | Found a faded altar of an unknown god.
  1650 | D:2      | Found a sacrificial altar of Ru.
  2086 | D:3      | Noticed TittyCrusher's ghost (amateur DsMo)
  2102 | D:3      | Killed TittyCrusher's ghost
  2102 | D:3      | Reached skill level 4 in Maces & Flails
  2102 | D:3      | Reached skill level 1 in Evocations
  2102 | D:3      | Reached XP level 4. HP: 25/31 MP: 5/5
  2102 | D:3      | Reached XP level 5. HP: 29/36 MP: 6/6
  2697 | D:4      | Reached skill level 5 in Maces & Flails
  2697 | D:4      | Reached XP level 6. HP: 26/42 MP: 7/7
  3296 | D:4      | Noticed an orc warrior
  3382 | D:5      | Entered Level 5 of the Dungeon
  3406 | D:5      | Noticed a black bear
  3420 | D:5      | Killed a black bear
  3497 | D:5      | Noticed Kurtz's ghost (novice OpAK)
  4239 | D:6      | Reached skill level 6 in Maces & Flails
  4239 | D:6      | Reached XP level 7. HP: 46/46 MP: 8/8
  4571 | D:5      | Reached ** piety under Lugonu
  4585 | D:5      | Reached skill level 7 in Maces & Flails
  4927 | D:6      | Reached XP level 8. HP: 43/52 MP: 10/10
  4939 | D:5      | Noticed a hippogriff
  4951 | D:6      | Killed a hippogriff
  5281 | D:6      | Got a twisted flail
  5282 | D:6      | Identified the +9 flail "Silozxae" {freeze, Str-2 Int+5 Dex+2 Stlth+} (You found it on level 6 of the Dungeon)
  5296 | D:6      | Found a white marble altar of Elyvilon.
  5310 | D:6      | Reached skill level 8 in Maces & Flails
  5689 | D:6      | Found a staircase to the Ecumenical Temple.
  5773 | D:7      | Reached skill level 1 in Stealth
  6877 | D:7      | Reached skill level 9 in Maces & Flails
  6877 | D:7      | Reached XP level 9. HP: 31/56 MP: 12/12
  7474 | D:8      | Noticed Maurice
  7482 | D:8      | Killed Maurice
  7482 | D:8      | Reached skill level 5 in Dodging
  7482 | D:8      | Reached skill level 5 in Evocations
  7492 | D:8      | Got a transparent war axe
  7758 | D:8      | Reached skill level 10 in Maces & Flails
  7815 | D:8      | Reached skill level 5 in Stealth
  7878 | D:8      | Noticed Erica
  8612 | D:8      | Killed Erica
  8612 | D:8      | Reached XP level 10. HP: 65/65 MP: 14/14
  8745 | D:8      | Reached *** piety under Lugonu
  8857 | D:8      | Noticed Joseph
  8867 | D:8      | Killed Joseph
  8867 | D:8      | Reached skill level 11 in Maces & Flails
  9280 | D:9      | Found a staircase to the Lair.
  9823 | D:9      | Noticed a two-headed ogre
  9845 | D:9      | Killed a two-headed ogre
  9845 | D:9      | Reached skill level 5 in Fighting
 10336 | D:9      | Reached XP level 11. HP: 72/72 MP: 16/16
 10675 | D:10     | Entered Level 10 of the Dungeon
 10684 | D:10     | Noticed a manticore
 10688 | D:10     | Noticed a two-headed ogre
 10807 | D:10     | Killed a manticore
 10818 | D:10     | Killed a two-headed ogre
 10818 | D:10     | Reached skill level 12 in Maces & Flails
 11027 | D:10     | Learned a level 3 spell: Stone Arrow
 11055 | D:10     | Killed an unseen horror
 11334 | D:10     | Reached **** piety under Lugonu
 11480 | D:10     | Noticed Psyche
 11594 | D:10     | Killed Psyche
 11835 | D:10     | Noticed a cyclops
 11846 | D:10     | Killed a cyclops
 12063 | D:11     | Found a staircase to the Orcish Mines.
 12366 | D:11     | Found Ocicihud's Book Shoppe.
 12422 | D:11     | Noticed a skeletal warrior
 12422 | D:11     | Noticed a skeletal warrior
 12422 | D:11     | Noticed a skeletal warrior
 12517 | D:10     | Noticed an ice dragon
 12533 | D:10     | Killed an ice dragon
 13447 | D:11     | Noticed Gastronok
 13552 | D:10     | Killed a skeletal warrior
 13552 | D:10     | Reached skill level 10 in Stealth
 13552 | D:10     | Reached XP level 12. HP: 79/79 MP: 19/19
 13742 | D:11     | Killed Gastronok
 13742 | D:11     | Reached skill level 13 in Maces & Flails
 13742 | D:11     | Reached skill level 10 in Evocations
 14306 | D:5      | Killed Kurtz's ghost
 14486 | D:5      | Found a glowing golden altar of the Shining One.
 14577 | D:4      | Noticed Sigmund
 14583 | D:4      | Killed Sigmund
 15638 | D:12     | Noticed a centaur warrior
 16246 | D:11     | Reached ***** piety under Lugonu
 18284 | D:13     | Found a gate to the Vaults.
 18284 | D:13     | Noticed a two-headed ogre
 18284 | D:13     | Noticed a centaur warrior
 18427 | D:12     | HP: 3/80 [ice beast (6)]
 18429 | D:12     | Killed from afar by a manticore

Skill      XL: |  1  2  3  4  5  6  7  8  9 10 11 12 |
---------------+-------------------------------------+-----
Maces & Flails | 3 4 5 6 7 9 10 11 12 13 | 13.7
Dodging        | 3 4 5 6 |  6.5
Evocations     | 1 2 3 4 5 7 9 10 | 10.6
Stealth        | 2 6 8 10 11 | 11.6
Fighting       | 4 5 6 7 |  7.0
Invocations    | |  2.0

Action                   |  1- 3 |  4- 6 |  7- 9 | 10-12 || total
-------------------------+-------+-------+-------+-------++-------
Melee: Mace              |    67 |    54 |    47 |       ||   168
       Constrict         |     8 |    14 |    26 |    44 ||    92
       Tentacles         |     8 |     9 |    33 |    66 ||   116
       Flail             |       |       |   111 |   350 ||   461
Throw: Javelin           |       |       |       |     8 ||     8
Invok: Depart the Abyss  |     1 |       |       |       ||     1
       Bend Space        |       |       |     4 |     9 ||    13
       Banish            |       |       |       |     1 ||     1
 Abil: Evoke Berserk Rag |     1 |     3 |     9 |    30 ||    43
Evoke: Wand              |       |       |     2 |    17 ||    19
  Use: Scroll            |       |     3 |     9 |     5 ||    17
       Potion            |       |       |     2 |     8 ||    10
 Stab: Sleeping          |     6 |     2 |     6 |    19 ||    33
       Distracted        |     1 |       |     1 |     2 ||     4
  Eat: Chunk             |     4 |     9 |    12 |    25 ||    50
       Ration            |       |       |     3 |    10 ||    13
Armor: Skin              |     7 |     3 |     4 |     8 ||    22
Dodge: Dodged            |    46 |    33 |   133 |   228 ||   440
